 Dungeon Crawl Stone Soup version 0.29-a0-344-ge2f44be95a (webtiles) character file.

Game seed: 8905506163988984418

5 Shayle the Sneak (level 1, -2/12 HPs)
             Began as a Tengu Brigand on Apr 21, 2022.
             Frozen to death by an endoplasm (5 damage)
             ... on level 1 of the Dungeon.
             The game lasted 00:00:32 (328 turns).

Shayle the Sneak (Tengu Brigand)                     Turns: 328, Time: 00:00:32

Health: -2/12      AC:  3    Str: 11    XL:     1   Next: 80%
Magic:  2/2        EV: 12    Int: 11    God:
Gold:   0          SH:  0    Dex: 15    Spells: 0/0 levels left

rFire   . . .      SeeInvis .   a - +2 dagger
rCold   . . .      Faith    .   (no shield)
rNeg    . . .      Spirit   .   b - +0 robe
rPois   .          Reflect  .   (helmet restricted)
rElec   .          Harm     .   c - +0 cloak
rCorr   .          Rampage  .   (no gloves)
Will    .....                   (boots unavailable)
Stlth   +++.......              (no amulet)
HPRegen 0.04/turn               (no ring)
MPRegen 0.08/turn               (no ring)

@: no status effects
A: beak, talons 3
a: no special abilities


You were on level 1 of the Dungeon.
You visited 1 branch of the dungeon, and saw 1 of its levels.

Inventory:

Hand Weapons
 a - a +2 dagger (weapon)
Missiles
 d - 9 poisoned darts
 e - 2 curare-tipped darts (quivered)
Armour
 b - a +0 robe (worn)
 c - a +0 cloak (worn)


   Skills:
 + Level 2.1 Fighting
 - Level 2.1 Short Blades
 - Level 2.0 Throwing
 + Level 1.3 Dodging
 + Level 4.1 Stealth


You couldn't memorise any spells.
You didn't know any spells.
Your spell library was empty.

Dungeon Overview and Level Annotations

Branches:
Dungeon (1/15)

Altars:


Innate Abilities, Weirdness & Mutations

You have a beak for a mouth.
You have claws for feet.


Message History

You barely miss the endoplasm.
The endoplasm jiggles.
The endoplasm closely misses you.
You hit the endoplasm.
The endoplasm is almost dead.
You hit the endoplasm.
You kill the endoplasm!
The rat twitches its whiskers.
You closely miss the rat. Your punch misses the rat. The rat bites you.
* * * LOW HITPOINT WARNING * * *
You hit the rat.
You kill the rat!
e - a curare-tipped dart You see here a rat corpse.
You start resting.
HP restored.
You see here a rat skeleton.
e - 2 curare-tipped darts (gained 1)
You see here a quokka skeleton.
Things that are here:
a +0 short sword; 2 stones A kobold comes into view.
It is wielding a +0 short sword.
The kobold shouts!
An endoplasm comes into view.
You closely miss the kobold. Your kick misses the kobold.
The kobold completely misses you.
You closely miss the kobold. Your peck misses the kobold.
The kobold hits you with a +0 short sword.
You hit the kobold.
The kobold is moderately wounded.
The kobold hits you with a +0 short sword.
You hit the kobold. Your peck misses the kobold.
The kobold is heavily wounded.
The kobold hits you with a +0 short sword.
* * * LOW HITPOINT WARNING * * *
You hit the kobold.
You kill the kobold!
The endoplasm freezes you.
You are frozen.
You die...

............ ......
...........##......## #
.......... #........# ..
........ #......... ##.
......#+##...###... ....
#...............#
.....###...............#
......J.................
......)@..##...)....รท...
##........##...........#
#...####...............
#.. #................ ...
#................ ..
#................ .
................#
......#####+###.# .... ..


You could see an endoplasm.

Vanquished Creatures
  2 endoplasms (D:1)
  A quokka (D:1)
  2 kobolds (D:1)
  A rat (D:1)
6 creatures vanquished.

Notes
Turn   | Place    | Note
-------+----------+-------------------------------------------
     0 | D:1      | Shayle the Tengu Brigand began the quest for the Orb.
     0 | D:1      | Reached XP level 1. HP: 12/12 MP: 2/2
   328 | D:1      | Frozen to death by an endoplasm

Illustrated notes

Levels and vault maps discovered:
D:1:      dpeg_arrival_long_road, layout_basic, shapermc_ecumenical_altar_venn,
          grunt_decor_cap

Action                   || total
-------------------------++-------
Melee: Dagger            ||    16
       Kick              ||     3
       Peck              ||     1
Throw: Dart              ||     3
Armor: Robe              ||     1
Dodge: Dodged            ||     6

Table legend: (Time is in decaauts)
 A = Elapsed time spent in this place.
 B = Non-inter-level travel time spent in this place.
 C = Inter-level travel time spent in this place.
 D = Time resting spent in this place.
 E = Time spent auto-exploring this place.
 F = Levels seen in this place.
 G = Mean time per level.
                   A        B        C        D        E       F      G
               +--------+--------+--------+--------+--------+-----+--------+
         Total |    326 |    326 |      0 |    254 |     12 |   1 |  326.0 |
       Dungeon |    326 |    326 |      0 |    254 |     12 |   1 |  326.0 |
               +--------+--------+--------+--------+--------+-----+--------+

Top non-repeatable levels by time:
     D:1: 326 daAuts
